 Dungeon Crawl Stone Soup version 0.30-a0-639-g3916f1956a (webtiles) character file.

Game seed: 11758964041642864326

171 bmack86 the Chopper (level 5, 0/47 HPs)
             Began as a Minotaur Fighter on Jan 15, 2023.
             Succumbed to an orc wizard's poison
             ... on level 4 of the Dungeon.
             The game lasted 00:05:01 (2795 turns).

bmack86 the Chopper (Minotaur Fighter)              Turns: 2795, Time: 00:05:02

Health: 0/47       AC:  7    Str: 22    XL:     5   Next: 26%
Magic:  4/4        EV:  9    Int:  5    God:
Gold:   84         SH:  4    Dex: 10    Spells: 4/4 levels left

rFire   . . .      SeeInvis .    a - +0 war axe
rCold   . . .      Faith    .    c - +0 buckler
rNeg    . . .      Spirit   .    b - +0 scale mail
rPois   .          Reflect  .    (helmet restricted)
rElec   .          Harm     .    (no cloak)
rCorr   .          Rampage  .    (no gloves)
Will    .....                    (no boots) Stlth
                                 (no amulet)
HPRegen 0.27/turn                (no ring)
MPRegen 0.09/turn                (no ring)

@: lethally poisoned (0 -> -16)
A: horns 2, retaliatory headbutt
a: no special abilities


You were on level 4 of the Dungeon.
You visited 1 branch of the dungeon, and saw 4 of its levels.

You collected 84 gold pieces.

Inventory:

Hand Weapons
 a - a +0 war axe (weapon)
Armour
 b - a +0 scale mail (worn)
 c - a +0 buckler (worn)
Scrolls
 f - a scroll of brand weapon {unknown}
 k - a scroll of teleportation
 m - a scroll of torment
 n - 2 scrolls of identify
Potions
 d - 2 potions of might
 e - 5 potions of curing
 g - 3 potions of brilliance
 h - 2 potions of flight {unknown}
 i - 2 potions of heal wounds {unknown}
 j - a potion of degeneration {unknown}
 l - 2 potions of attraction {unknown}


   Skills:
 + Level 4.5 Fighting
 * Level 4.6 Axes
 + Level 4.5 Armour
 + Level 4.6 Shields


You had 4 spell levels left.
You didn't know any spells.
Your spell library contained the following spells:

 Spells                   Type           Power      Damage    Failure   Level
 Ensorcelled Hibernation  Hex/Ice        0%         N/A       95%         2
 Passwall                 Tmut/Erth      0%         N/A       95%         2
 Ignite Poison            Fire/Tmut/Pois 0%         N/A       99%         3
 Kindle Blastsparks       Fire/Tloc/Air  0%         2d10      99%         3
 Swiftness                Air            0%         N/A       99%         3
 Petrify                  Tmut/Erth      0%         N/A       100%        4
 Freezing Cloud           Conj/Ice/Air   0%         6-21      100%        5
 Metabolic Englaciation   Hex/Ice        0%         N/A       100%        5
 Conjure Ball Lightning   Conj/Air       0%         3x3d6     100%        6
 Statue Form              Tmut/Erth      0%         N/A       100%        6
 Discord                  Hex            0%         N/A       100%        8
 Disjunction              Tloc           0%         N/A       100%        8


Dungeon Overview and Level Annotations

Branches:
Dungeon (4/15)             Temple (0/1) D:4

Altars:

Annotations:
D:3 1 runed translucent door, Crazy Yiuf


Innate Abilities, Weirdness & Mutations

You have a pair of horns on your head.
You reflexively headbutt those who attack you in melee.


Message History

You hear some strange, mumbled words.
A magic dart appears from out of thin air!
The magic dart hits you. The orc wizard barely misses you.
You barely miss something. Your headbutt misses something.
You hit the orc wizard.
You feel sick.
The orc wizard hits you but does no damage.
You hear some strange, mumbled words.
A puff of flame appears from out of thin air!
The puff of flame hits you.
You slash something!
Reactivating autopickup.
You feel a bit more experienced.
You slash the orc wizard!
You feel sick.
The orc wizard hits you but does no damage.
You are more poisoned.
You feel very sick.
The orc wizard hits you but does no damage.
You are more poisoned.
Things that are here:
a +1 dagger of holy wrath; a +0 robe You closely miss the orc wizard.
The orc wizard is severely wounded.
You feel very sick. You block the orc wizard's attack.
The orc wizard hits you but does no damage.
You are lethally poisoned!
You closely miss the orc wizard.
The orc wizard is severely wounded.
* * * LOW HITPOINT WARNING * * *
You feel very sick.
The orc wizard hits you but does no damage.
You are more poisoned.
You closely miss the orc wizard.
The orc wizard is severely wounded.
* * * LOW HITPOINT WARNING * * *
You feel very sick. The orc wizard casts a spell at you.
The puff of flame misses you.
You barely miss the orc wizard.
The orc wizard is severely wounded.
You die...

,,...*,,,,..,,,,..........**,,**,
,,...#***,..*,,,.......#..,,,,,,,
,,....****#.**,,.$.......,*****,,
,,.....* #o****#......#*,** **,
***#...####o## #......##[,* *,
#.,...##..# ##.........,* *,
####.###.###.###).#....#*,,* **
...............)...##...*,,******
..........###..o@.........,,,,,**
..........###......###....,,,,,**
....>......##......# *,,..,,,,,,,
...........##......#***,,,,,,,,**
^....................,,,*,**,*,,,
.......<#.....########*,,,,*,,*,,
###.#########..,** ***,,,,,,,,
#.* #..,,* *****,,,, #.* ***,,**
*,,,,


You could see an orc wizard.

Vanquished Creatures
  An orc priest (D:3)
  Terence (D:2)
  2 orc wizards (D:4)
  2 dart slugs
  9 orcs
  5 bats
  4 endoplasms
  A giant cockroach (D:3)
  3 goblins
  5 hobgoblins
  6 kobolds
  7 ball pythons
  4 frilled lizards
  3 rats
53 creatures vanquished.

Vanquished Creatures (others)
  5 plants (D:1)
5 creatures vanquished.

Grand Total: 58 creatures vanquished

Notes
Turn   | Place    | Note
-------+----------+-------------------------------------------
     0 | D:1      | bmack86 the Minotaur Fighter began the quest for the Orb.
     0 | D:1      | Reached XP level 1. HP: 19/19 MP: 0/0
   147 | D:1      | Reached XP level 2. HP: 27/27 MP: 1/1
  1035 | D:2      | Noticed Terence
  1046 | D:2      | Killed Terence
  1047 | D:2      | Reached XP level 3. HP: 11/33 MP: 2/2
  1784 | D:3      | Reached XP level 4. HP: 34/40 MP: 3/3
  2543 | D:3      | Found a runed translucent door.
  2544 | D:3      | Noticed Crazy Yiuf
  2782 | D:4      | Reached XP level 5. HP: 47/47 MP: 4/4
  2795 | D:4      | Succumbed to an orc wizard's poison

Illustrated notes

Levels and vault maps discovered:
D:1:      eino_arrival_water_star, layout_basic, serial_bayou,
          serial_bayou_lake_a, serial_bayou_shore_b, serial_bayou_pond_e,
          serial_bayou_pond_d, minmay_misc_feat_tiny
D:2:      layout_loops_ring, uniq_terence
D:3:      layout_loops_ring, uniq_crazy_yiuf_cottage
D:4:      layout_rooms, nemelex_dance_club_becter,
          mainiacjoe_overflow_divided_tiny, minmay_temple_entry_slanted,
          gup_sewer_entry_bubbles, serial_shops, shop

Skill      XL: |  1  2  3  4 |
---------------+-------------+-----
Axes           | 3 4 |  4.6
Fighting       | 4 |  4.5
Armour         | 4 |  4.5
Shields        | 4 |  4.6

Action                   |  1- 3 |  4- 6 || total
-------------------------+-------+-------++-------
Melee: War axe           |    97 |    34 ||   131
       Headbutt          |    13 |     3 ||    16
  Use: Scroll            |     3 |     3 ||     6
Armor: Scale mail        |    47 |    19 ||    66
Dodge: Dodged            |    40 |    18 ||    58
Block: Buckler           |    17 |     2 ||    19

Table legend: (Time is in decaauts)
 A = Elapsed time spent in this place.
 B = Non-inter-level travel time spent in this place.
 C = Inter-level travel time spent in this place.
 D = Time resting spent in this place.
 E = Time spent auto-exploring this place.
 F = Levels seen in this place.
 G = Mean time per level.
                   A        B        C        D        E       F      G
               +--------+--------+--------+--------+--------+-----+--------+
         Total |   2913 |   2691 |    222 |     69 |   2061 |   4 |  728.2 |
       Dungeon |   2913 |   2691 |    222 |     69 |   2061 |   4 |  728.2 |
               +--------+--------+--------+--------+--------+-----+--------+

Top non-repeatable levels by time:
     D:3: 1077 daAuts
     D:1: 921 daAuts
     D:2: 869 daAuts
     D:4: 45 daAuts
